 Dungeon Crawl Stone Soup version 0.30-a0-1074-g5db6f66fbb (webtiles) character file.

Game seed: 5199547267457011558

56086 Newt the Markskobold (level 15, -1/88 HPs)
             Began as a Kobold Hunter on Apr 13, 2023.
             Was a High Priest of Hepliaklqana.
             Slain by a skeletal warrior
             ... wielding a +0 battleaxe
              (16 damage)
             ... on level 12 of the Dungeon.
             The game lasted 00:19:33 (17742 turns).

Newt the Markskobold (Kobold Hunter)               Turns: 17742, Time: 00:19:34

Health: -1/88      AC:  9    Str: 10    XL:     15   Next: 20%
Magic:  23/23      EV: 34    Int: 11    God:    Hepliaklqana [*****.]
Gold:   1290       SH:  0    Dex: 36    Spells: 23/25 levels left

rFire   . . .      SeeInvis +    F - +9 arbalest (heavy)
rCold   x . .      Faith    +    (shield currently unavailable)
rNeg    . . .      Spirit   .    u - +1 leather armour of Beogh's Benevolence {-Tele Harm rC- SInv}
rPois   .          Reflect  .    s - +0 helmet
rElec   .          Rampage  .    j - +2 cloak
rCorr   .          NoTele   +    (no gloves)
Will    +....      Harm     + .  (no boots)
Stlth   ++                       O - amulet of faith
HPRegen 0.34/turn                P - +6 ring of dexterity
MPRegen 0.18/turn                z - +6 ring of dexterity

@: on fire, glowing
A: reduced essence, small, no large weapons, nightstalker 3
a: Renounce Religion, Recall Ancestor, Ancestor Identity, Transference, Idealise


You were on level 12 of the Dungeon.
You worshipped Hepliaklqana.
Hepliaklqana was extremely pleased with you.
You visited 3 branches of the dungeon, and saw 18 of its levels.
You also visited: Sewer.

You collected 1290 gold pieces.

Inventory:

Hand Weapons
 F - a +9 heavy arbalest (weapon)
Missiles
 t - 2 boomerangs of dispersal
 J - 2 throwing nets
Armour
 j - a +2 cloak (worn)
 s - a +0 helmet (worn)
 u - the +1 leather armour of Beogh's Benevolence (worn) {-Tele Harm rC- SInv}
   (You found it on level 4 of the Dungeon)

   rC:        It makes you vulnerable to cold.
   SInv:      It lets you see invisible.
   -Tele:     It prevents most forms of teleportation.
   Harm:      It increases damage dealt and taken.
 B - +0 fire dragon scales
 Q - a +0 leather armour of fire resistance
Jewellery
 b - a +5 ring of evasion
 d - a +6 ring of intelligence
 e - a ring of protection from fire
 i - a ring of positive energy
 o - a ring of magical power
 w - an amulet of the acrobat
 z - a +6 ring of dexterity (right hand)
 M - a ring of willpower
 O - an amulet of faith (around neck)
 P - a +6 ring of dexterity (left hand)
 V - a +6 ring of intelligence
Wands
 c - a wand of polymorph (3)
 g - a wand of light (5)
 q - a wand of flame (12)
 y - a wand of mindburst (27)
 H - a wand of digging (9)
 I - a wand of iceblast (15)
 T - a wand of paralysis (8)
Scrolls
 h - a scroll of fear
 l - 7 scrolls of identify
 m - 4 scrolls of enchant armour
 n - 2 scrolls of blinking
 p - 2 scrolls of immolation
 D - 3 scrolls of summoning
 E - 4 scrolls of poison
 L - 2 scrolls of magic mapping
 S - 8 scrolls of teleportation
 W - 2 scrolls of noise
 X - a scroll of vulnerability
Potions
 a - 2 potions of might
 f - 2 potions of mutation
 k - 6 potions of haste
 r - 2 potions of invisibility
 v - a potion of flight
 x - 3 potions of lignification
 A - a potion of heal wounds
 C - 2 potions of cancellation
 G - 2 potions of berserk rage
 K - a potion of curing
 N - 2 potions of ambrosia
 R - 2 potions of brilliance
Miscellaneous
 U - a lightning rod (4/4)


   Skills:
 - Level 13.0 Fighting
 - Level 20.0 Ranged Weapons
 - Level 6.0 Armour
 - Level 14.0 Dodging
 - Level 1.3 Stealth
 - Level 5.9 Spellcasting
 - Level 5.9 Transmutations
 * Level 3.6 Invocations
 - Level 6.0 Evocations


You had 23 spell levels left.
You knew the following spells:

 Your Spells              Type           Power      Damage    Failure   Level
a - Wereblood             Tmut           16%        N/A       3%          2

Your spell library contained the following spells:

 Spells                   Type           Power      Damage    Failure   Level
 Beastly Appendage        Tmut           32%        N/A       2%          1
 Spider Form              Tmut/Pois      9%         N/A       22%         3
 Necrotise                Necr           12%        1d4       26%         1
 Shock                    Conj/Air       12%        1d3       26%         1
 Slow                     Hex            12%        N/A       26%         1
 Summon Small Mammal      Summ           12%        N/A       26%         1
 Ignite Poison            Fire/Tmut/Pois 7%         N/A       32%         3
 Call Canine Familiar     Summ           3%         N/A       58%         3
 Confusing Touch          Hex            3%         N/A       58%         3
 Frozen Ramparts          Ice            6%         1d1       58%         3
 Hailstorm                Conj/Ice       3%         3d3       58%         3
 Summon Guardian Golem    Hex/Summ       3%         N/A       58%         3
 Swiftness                Air            3%         N/A       58%         3
 Vampiric Draining        Necr           3%         2d6       58%         3
 Vhi's Electric Charge    Tloc/Air       6%         N/A       58%         3
 Ice Form                 Ice/Tmut       9%         N/A       58%         4
 Airstrike                Air            1%         2d(1-17)  94%         4
 Sticky Flame             Conj/Fire      3%         2d3       94%         4
 Summon Ice Beast         Ice/Summ       3%         N/A       94%         4
 Summon Lightning Spire   Summ/Air       3%         N/A       94%         4
 Agony                    Necr           3%         N/A       100%        5
 Arcjolt                  Conj/Air       1%         1d11      100%        5
 Simulacrum               Ice/Necr       1%         N/A       100%        6
 Orb of Destruction       Conj           1%         9d5       100%        7
 Spellforged Servitor     Conj/Summ      1%         N/A       100%        7
 Storm Form               Tmut/Air       4%         N/A       100%        7
 Ignition                 Fire           1%         3d3       100%        8
 Maxwell's Capacitive Co  Air            1%         ∞         100%        8


Dungeon Overview and Level Annotations

Branches:
Dungeon (12/15)            Temple (1/1) D:4            Lair (5/5) D:10
  Swamp (0/4) Lair:3        Snake (0/4) Lair:2        Slime (0/5) Lair:4
    Orc (0/2) D:12          Sewer (visited)

Altars:
Ashenzari
Cheibriados
Dithmenos
Elyvilon
Fedhas
Gozag
Hepliaklqana
Kikubaaqudgha
Makhleb
Nemelex Xobeh
Okawaru
Qazlal
Ru
Sif Muna
Trog
Uskayaw
Vehumet
Wu Jian
Xom
Yredelemnul
Zin
The Shining One

Shops:
D:1 [(   D:4 =   D:5 =

Annotations:
D:5 2 transporters, cheesebisquit's ghost, novice DrVM


Innate Abilities, Weirdness & Mutations

Your life essence is reduced to manifest your ancestor. (-10% HP)
You are small and have problems with some larger weapons.
You are completely attuned to the shadows.


Message History

Yadidatum hits the hog with a +0 broad axe of flaming.
Yadidatum burns the hog.
Yadidatum hits the skeletal warrior but does no damage.
The skeletal warrior attacks as you move away!
The skeletal warrior misses you.
Yadidatum blocks the skeletal warrior's attack.
The hog closely misses you.
The troll closely misses Yadidatum.
The troll claws Yadidatum but does no damage. x2
The deep elf pyromancer gestures at you while chanting.
The sticky flame hits you!
You are covered in liquid flames!
You hear a horrible gurgling sound!
You are covered in liquid flames!
The hog completely misses you.
The deep elf pyromancer points at you and mumbles some strange words.
The sticky flame hits you!
You are covered in liquid flames!
* * * LOW HITPOINT WARNING * * *
The skeletal warrior closely misses Yadidatum.
You are covered in liquid flames!
* * * LOW HITPOINT WARNING * * *
Yadidatum barely misses the skeletal warrior.
Yadidatum closely misses the troll.
Yadidatum hits the skeletal warrior but does no damage.
The hog bites you!
* * * LOW HITPOINT WARNING * * *
You feel much better.
You are covered in liquid flames!
* * * LOW HITPOINT WARNING * * *
The skeletal warrior hits Yadidatum with a +0 glaive!
The skeletal warrior completely misses you.
The hog completely misses you.
As you read the scroll of summoning, it crumbles to dust.
Wisps of shadow whirl around you...
You are covered in liquid flames!
* * * LOW HITPOINT WARNING * * *
The hog completely misses you.
The skeletal warrior hits your manticore with a +0 glaive!!
The skeletal warrior hits you with a +0 battleaxe!
You die...

#
##.####...####.#.##..#.⌠#...~.
#
#.##....8....#....#.⌠.⌠⌠_8#.+.
#
##R#.........#........##......
###..^......##...#..~..)♣..~.
##.........#...##..<....#.#.
#..........).####.~..#≈..<#.
###............# #.⌠....⌠.≈..
#...8...>...8.V####...........
#.#........ez@......###...#..†
......§....Rhe###### #.......
####.......HT## #.#.#...
#......z†.# #.#.###.
#.....)...# ####.#.###.
#....8....# .....#.....
####...#### ...)...#### ##.##
######.# #. #.#


You could see the friendly Yadidatum the knight, 2 skeletal warriors, a deep elf
pyromancer, a troll, a hog (ally target), a friendly manticore (summoned), a
friendly deep elf pyromancer (summoned) and a friendly vampire (summoned).

Vanquished Creatures
  A fire dragon (Lair:5)
  The ghost of xian the Severer, a journeyman MiFi of Makhleb (D:11)
  4 hydras
  A boulder beetle (Lair:5)
  4 two-headed ogres
  Sonja (D:12)
  Amaemon (D:8)
  A skeletal warrior (D:12)
  A swamp dragon (Lair:5)
  A manticore (D:11)
  An ugly thing (D:12)
  A faun (Lair:4)
  10 elephants
  2 wolf spiders (Lair:5)
  11 black mambas
  A guardian serpent (Lair:5)
  4 gargoyles
  12 cane toads
  An unseen horror (D:12)
  8 komodo dragons
  An orange demon (D:8)
  4 rime drakes
  A komodo dragon (shapeshifter) (D:11)
  A polar bear (Lair:4)
  A troll (D:10)
  3 hornets
  6 blink frogs
  13 slime creatures (D:12)
  Sigmund (D:2)
  3 basilisks
  A shadow (D:11)
  2 wraiths
  42 yaks
  3 chaos spawn (D:12)
  Grum (D:8)
  13 wyverns
  2 redbacks (Lair:5)
  A steam dragon (Lair:5)
  7 vampire mosquitoes (Lair:3)
  3 wargs (D:10)
  4 acid dragons
  19 water moccasins
  An ice beast (D:6)
  5 orc warriors
  A sky beast (D:8)
  An ogre (D:6)
  2 swamp drakes (Lair:5)
  A black bear (D:5)
  7 centaurs
  39 wolves
  3 phantoms (D:12)
  2 kobold brigands
  18 bullfrogs
  A scorpion (D:7)
  14 wights
  6 killer bees (D:7)
  A troll zombie (D:12)
  3 howler monkeys
  4 electric eels
  4 hounds
  9 orc priests
  2 gnoll boudas
  5 jellies
  A sleepcap (D:6)
  8 iguanas
  Terence (D:2)
  19 orc wizards
  6 hell rats
  4 ogre zombies (D:12)
  13 gnolls
  13 adders
  3 river rats (Sewer)
  2 shadow imps (D:6)
  5 white imps
  3 ufetubi
  5 worms
  A dart slug (D:2)
  33 orcs
  6 endoplasms
  2 giant cockroaches
  5 goblins
  10 hobgoblins
  8 jackals
  11 kobolds
  A quokka (D:3)
  8 ball pythons
  3 bats
  5 frilled lizards
  A goblin skeleton (D:12)
  2 goblin zombies (D:12)
  A hobgoblin skeleton (D:12)
  3 hobgoblin zombies (D:12)
  An orc skeleton (D:12)
  7 orc zombies (D:12)
  4 rats
523 creatures vanquished.

Vanquished Creatures (collateral kills)
  A hydra (Lair:3)
  A cane toad (Lair:3)
  An unseen horror (D:12)
  A wraith (D:12)
  A yak (Lair:3)
  A basilisk (Lair:5)
  A hog (D:12)
  3 water moccasins
  A hell rat (Lair:4)
  3 ogre zombies (D:12)
  A gnoll (D:10)
  An orc (D:11)
  A goblin zombie (D:12)
  2 hobgoblin skeletons (D:12)
  2 kobolds (D:9)
  An orc skeleton (D:12)
  6 orc zombies (D:12)
28 creatures vanquished.

Vanquished Creatures (others)
  6 knights
  3 ancestors
  73 fungi
  100 plants
182 creatures vanquished.

Grand Total: 733 creatures vanquished

Notes
Turn   | Place    | Note
-------+----------+-------------------------------------------
     0 | D:1      | Newt the Kobold Hunter began the quest for the Orb.
     0 | D:1      | Reached XP level 1. HP: 12/12 MP: 1/1
   222 | D:1      | Found Pidyb's Armour Shoppe.
   322 | D:1      | Reached XP level 2. HP: 18/18 MP: 2/2
   355 | D:1      | Found Esuid's Antique Weapon Shop.
   733 | D:2      | Noticed Sigmund
   740 | D:2      | Killed Sigmund
   741 | D:2      | Reached skill level 5 in Fighting
   741 | D:2      | Reached skill level 6 in Ranged Weapons
   741 | D:2      | Reached XP level 3. HP: 14/26 MP: 3/3
   741 | D:2      | Reached XP level 4. HP: 16/31 MP: 4/4
   741 | D:2      | Reached XP level 5. HP: 19/35 MP: 5/5
   811 | D:2      | Reached skill level 7 in Ranged Weapons
   841 | D:2      | Reached XP level 6. HP: 40/40 MP: 6/6
   897 | D:2      | Noticed Terence
   913 | D:2      | Killed Terence
  1243 | D:2      | Found a shadowy altar of Dithmenos.
  1536 | D:2      | Found a faded altar of an unknown god.
  1985 | D:3      | Found a glowing drain.
  2023 | Sewer    | Entered a sewer
  2057 | Sewer    | Reached skill level 8 in Ranged Weapons
  2401 | D:3      | Reached XP level 7. HP: 44/44 MP: 7/7
  2927 | D:3      | Reached skill level 9 in Ranged Weapons
  3411 | D:4      | Identified the +1 leather armour of Beogh's Benevolence
                  | {-Tele Harm rC- SInv}
  3613 | D:4      | Found Byapn's Jewellery Boutique.
  3716 | D:4      | Found a staircase to the Ecumenical Temple.
  3780 | Temple   | Entered the Ecumenical Temple
  4228 | D:5      | Entered Level 5 of the Dungeon
  4261 | D:5      | Found a transporter.
  4265 | D:5      | Found a transporter.
  4265 | D:5      | Noticed cheesebisquit's ghost (novice DrVM)
  4519 | D:5      | Reached skill level 10 in Ranged Weapons
  4817 | D:5      | Reached XP level 8. HP: 49/49 MP: 8/8
  4928 | D:5      | Reached skill level 5 in Dodging
  5216 | D:5      | Found Totyjamne's Jewellery Shop.
  5537 | D:6      | Reached skill level 1 in Spellcasting
  5537 | D:6      | Reached skill level 1 in Transmutations
  5543 | D:6      | HP: 2/49 [gnoll/+0 club (7)]
  5608 | D:6      | Learned a level 2 spell: Wereblood
  6210 | D:6      | Reached XP level 9. HP: 48/54 MP: 11/14
  6670 | D:7      | Identified a scroll of acquirement
  6670 | D:7      | Acquired a +3 heavy arbalest
  6773 | D:7      | Reached skill level 5 in Spellcasting
  6773 | D:7      | Reached skill level 5 in Transmutations
  7657 | D:8      | Noticed a gargoyle
  7657 | D:8      | Noticed a two-headed ogre
  7661 | D:8      | Killed a two-headed ogre
  7662 | D:8      | Reached XP level 10. HP: 59/59 MP: 18/18
  7669 | D:8      | Found the +6 shillelagh "Devastator" {shatter}
  7669 | D:8      | Noticed a two-headed ogre
  7672 | D:8      | Killed a two-headed ogre
  7672 | D:8      | Noticed a two-headed ogre
  7673 | D:8      | Reached skill level 10 in Dodging
  7680 | D:7      | Killed a two-headed ogre
  7681 | D:7      | Reached skill level 11 in Ranged Weapons
  7800 | D:8      | Killed a gargoyle
  7875 | D:8      | Found a faded altar of an unknown god.
  7878 | D:8      | Found a hazy altar of Hepliaklqana.
  7880 | D:8      | Found a faded altar of an unknown god.
  7883 | D:8      | Became a worshipper of Hepliaklqana the Forgotten
  7925 | D:8      | Noticed an orange demon
  7926 | D:8      | Killed an orange demon
  7927 | D:8      | Reached skill level 12 in Ranged Weapons
  7935 | D:8      | Noticed Amaemon
  7941 | D:8      | Killed Amaemon
  7942 | D:8      | Reached skill level 13 in Ranged Weapons
  8197 | D:8      | Found a snail-covered altar of Cheibriados.
  8254 | D:8      | Noticed Grum
  8256 | D:8      | Killed Grum
  8257 | D:8      | Reached XP level 11. HP: 44/63 MP: 19/19
  8523 | D:8      | Reached skill level 14 in Ranged Weapons
  8592 | D:8      | Reached skill level 15 in Ranged Weapons
  8626 | D:8      | Found a faded altar of an unknown god.
  8631 | D:8      | Found a burning altar of Makhleb.
  8633 | D:8      | Found a shimmering blue altar of Sif Muna.
  8634 | D:8      | Found an ornate altar of the Wu Jian Council.
  8639 | D:8      | Found an opulent altar of Gozag.
  9531 | D:9      | Reached * piety under Hepliaklqana
  9569 | D:9      | Reached skill level 16 in Ranged Weapons
  9979 | D:10     | Entered Level 10 of the Dungeon
 10174 | D:10     | Paralysed by a hornet for 2 turns
 10565 | D:10     | Found a staircase to the Lair.
 10716 | Lair:1   | Entered Level 1 of the Lair of Beasts
 10738 | Lair:1   | Reached XP level 12. HP: 67/67 MP: 20/20
 10827 | Lair:1   | Reached ** piety under Hepliaklqana
 10829 | Lair:1   | Remembered your ancestor Yadidatum as a knight
 11132 | Lair:1   | You fall into a shaft and drop 1 floor!
 11243 | Lair:2   | Reached skill level 5 in Evocations
 11450 | Lair:2   | Found a staircase to the Snake Pit.
 11503 | Lair:2   | Reached skill level 1 in Armour
 11736 | Lair:2   | Reached skill level 5 in Armour
 12480 | Lair:2   | Reached *** piety under Hepliaklqana
 12899 | Lair:3   | Reached XP level 13. HP: 72/72 MP: 21/21
 13055 | Lair:3   | Noticed a six-headed hydra
 13056 | Lair:3   | Killed a six-headed hydra
 13262 | Lair:3   | Noticed a five-headed hydra
 13263 | Lair:3   | Noticed a five-headed hydra
 13264 | Lair:3   | Killed a five-headed hydra
 13267 | Lair:3   | Killed a five-headed hydra
 13596 | Lair:3   | Found a staircase to the Swamp.
 13981 | Lair:4   | Reached **** piety under Hepliaklqana
 14045 | Lair:4   | Reached skill level 17 in Ranged Weapons
 14466 | Lair:4   | Reached skill level 18 in Ranged Weapons
 14505 | Lair:4   | Found a staircase to the Slime Pits.
 14560 | Lair:4   | Reached XP level 14. HP: 77/77 MP: 22/22
 15030 | Lair:5   | Entered Level 5 of the Lair of Beasts
 15044 | Lair:5   | Reached ***** piety under Hepliaklqana
 15434 | Lair:5   | Reached skill level 19 in Ranged Weapons
 15733 | Lair:5   | Reached skill level 20 in Ranged Weapons
 15890 | Lair:5   | Reached skill level 10 in Fighting
 17187 | D:11     | Found a runed translucent gate.
 17187 | D:11     | Found a runed translucent gate.
 17187 | D:11     | Found a runed translucent gate.
 17191 | D:11     | Noticed xian's ghost (journeyman MiFi)
 17391 | D:11     | Killed xian's ghost
 17452 | D:12     | Reached XP level 15. HP: 87/87 MP: 23/23
 17460 | D:12     | Found the +7 mace of Variability {chaos, chaos arc}
 17462 | D:12     | Found a shimmering altar of Xom.
 17662 | D:12     | Reached skill level 1 in Invocations
 17687 | D:12     | Found a staircase to the Orcish Mines.
 17720 | D:12     | Noticed Sonja
 17726 | D:12     | Killed Sonja
 17742 | D:12     | Slain by a skeletal warrior

Illustrated notes

Levels and vault maps discovered:
D:1:      saegor_arrival_simple_c, layout_loops_cross, serial_shops,
          nicolae_shop_behind_doors, nicolae_shop_advertising_works
          [nicolae_subvault_shop_adworks]
D:2:      layout_loops_ring, basic_altar,
          shapermc_ecumenical_altar_starsandcircs, uniq_terence, uniq_sigmund
D:3:      layout_loops_corners, gup_sewer_entry_glass,
          hangedman_decor_clover_reticule, amcnicky_mini_corridor_feature
D:4:      layout_rooms, temple_pool_b, serial_shops, shop
D:5:      layout_basic, serial_shops, nicolae_take_the_stairs,
          gammafunk_ghost_arena
D:6:      layout_cave_pools, nicolae_half_adder
D:7:      layout_cave_pools, serial_rivers, chequers_serial_rivers_small_3,
          chequers_serial_rivers_micro_b, chequers_serial_rivers_micro_c,
          chequers_serial_rivers_room_a, chequers_big_river
D:8:      layout_basic, chequers_temple_overflow_minitemple,
          nicolae_hepliaklqana_ecumenical_no_more,
          mainiacjoe_overflow_cross_hatched, dilly_guarded_unrand_devastator,
          uniq_amaemon, uniq_grum
D:9:      layout_long_grid
D:10:     layout_basic, erik_lair_orcish_takeover, minivault_27
D:11:     layout_roguey, gammafunk_ghost_hydra_chop
D:12:     layout_loops_ring, zombieorc2_lemuel,
          minmay_guarded_unrand_variability, uniq_sonja, uniq_kirke
Temple:   nicolae_temple_bog_church
Lair:1:   layout_regular_city, grunt_forest_small_clearing_treed,
          serial_bayou_shore_a
Lair:2:   layout_chaotic_city, minmay_snake_entry_six_corridors, st_stairs_9,
          minivault_25
Lair:3:   layout_concentric_octagons, minmay_swamp_entry_swarm,
          chequers_serial_rivers_micro_b, serial_bayou_crossing
Lair:4:   layout_regular_city, nicolae_slime_entry_field_trip,
          grunt_forest_large_clearings, grunt_megastairs_2
Lair:5:   guppyfry_lair_end_dragon, layout_regular_city,
          hangedman_lair_tendril_chambers, minivault_11,
          amcnicky_mini_pool_medium

Skill      XL: |  1  2  3  4  5  6  7  8  9 10 11 12 13 14 15 |
---------------+----------------------------------------------+-----
Fighting       | 5 8 9 12 13 | 13.0
Ranged Weapons | 6 7 8 10 13 16 18 20 | 20.0
Dodging        | 4 6 8 10 14 | 14.0
Spellcasting   | 3 5 |  5.9
Transmutations | 3 5 |  5.9
Evocations     | 6 |  6.0
Armour         | 6 |  6.0
Invocations    | 3 |  3.6
Stealth        | |  1.3

Action                     |  1- 3 |  4- 6 |  7- 9 | 10-12 | 13-15 || total
---------------------------+-------+-------+-------+-------+-------++-------
  Melee: Shortbow          |       |     3 |       |       |       ||     3
   Fire: Shortbow          |    31 |   120 |   278 |       |       ||   429
         Arbalest          |       |       |    35 |   252 |   347 ||   634
   Cast: Wereblood         |       |       |     4 |    14 |    11 ||    29
 Invoke: Recall Ancestor   |       |       |       |     1 |       ||     1
         Ancestor Life: Kn |       |       |       |     1 |       ||     1
  Evoke: Wand              |       |     3 |       |       |       ||     3
    Use: Scroll            |     6 |     3 |    15 |    10 |     5 ||    39
         Potion            |       |       |     2 |       |     1 ||     3
 Armour: Leather armour    |     2 |    19 |    37 |    15 |    30 ||   103
  Dodge: Dodged            |     3 |    53 |   163 |   154 |   303 ||   676

Table legend: (Time is in decaauts)
 A = Elapsed time spent in this place.
 B = Non-inter-level travel time spent in this place.
 C = Inter-level travel time spent in this place.
 D = Time resting spent in this place.
 E = Time spent auto-exploring this place.
 F = Levels seen in this place.
 G = Mean time per level.
                   A        B        C        D        E       F      G
               +--------+--------+--------+--------+--------+-----+--------+
         Total |  18323 |  17797 |    526 |   2148 |  13030 |  19 |  964.4 |
       Dungeon |  11626 |  11264 |    362 |   1274 |   8306 |  12 |  968.8 |
        Temple |    306 |    286 |     20 |      0 |    270 |   1 |  306.0 |
          Lair |   6090 |   5947 |    143 |    721 |   4372 |   5 | 1218.0 |
         Sewer |    299 |    299 |      0 |    153 |     82 |   1 |  299.0 |
               +--------+--------+--------+--------+--------+-----+--------+

Top non-repeatable levels by time:
  Lair:2: 1536 daAuts
  Lair:5: 1516 daAuts
  Lair:3: 1456 daAuts
     D:8: 1437 daAuts
     D:7: 1386 daAuts
     D:5: 1239 daAuts
     D:3: 1210 daAuts
     D:2: 1124 daAuts
  Lair:4: 1108 daAuts
     D:6: 980 daAuts
    D:11: 883 daAuts
     D:9: 864 daAuts
    D:10: 780 daAuts
     D:1: 701 daAuts
     D:4: 663 daAuts
